[Event "FIDE WYCC Girls U14 2023"]
[Site "Montesilvano"]
[Date "2023.11.13"]
[Round "1.22"]
[White "Yu, Avery"]
[Black "Poetscher, Katharina"]
[Result "0-1"]
[ECO "B28"]
[WhiteElo "1861"]
[BlackElo "1345"]
[Annotator "NA"]
[PlyCount "132"]
[EventDate "2023.11.13"]
[EventType "swiss"]
[EventCountry "ITA"]
[SourceTitle "playchess.com"]
[Source "ChessBase"]
[SourceQuality "1"]
[TimeControl "40/5400+30:1800+30"]

1. e4 c5 2. Nf3 a6 3. d4 cxd4 4. Nxd4 Nf6 5. Nc3 e5 6. Nb3 Bb4 7. Qf3 d6 8. Bd2 Nc6 9. a3 Bg4 10. Qd3 Bc5 11. f3 Be6 12. Ne2 Bb6 13. Bg5 Bc7 14. O-O-O Rc8 15. Kb1 O-O 16. f4 exf4 17. Nxf4 Bg4 18. Re1 Ne5 19. Qe3 Bb6 20. Nd4 h6 21. Bxf6 Qxf6 22. Nd5 Qd8 23. h3 Bh5 24. g4 Bg6 25. Rd1 Re8 26. Qf4 Bxd4 27. Rxd4 Nc6 28. Rd2 Rxe4 29. Qf2 Re6 30. Bg2 Ne7 31. Nb4 Rc7 32. Rhd1 Rd7 33. Qg3 a5 34. Nd3 Bxd3 35. Rxd3 d5 36. g5 hxg5 37. Qxg5 Rg6 38. Qd2 Rgd6 39. c4 d4 40. c5 Rg6 41. Be4 Rh6 42. Rg1 Re6 43. Qg2 Ng6 44. Bf5 Re3 45. Rxe3 dxe3 46. Bxd7 Qxd7 47. Qe4 Qe7 48. Rg4 f5 49. Qd5+ Kh8 50. Rxg6 e2 51. Re6 e1=Q+ 52. Rxe1 Qxe1+ 53. Ka2 Qe4 54. Qxe4 fxe4 55. Kb3 Kh7 56. Kc3 Kg6 57. Kd4 Kf5 58. Ke3 a4 59. h4 g6 60. Ke2 Kf4 61. Kf2 e3+ 62. Ke2 Ke4 63. Ke1 Kd3 64. Kd1 e2+ 65. Ke1 Ke3 66. c6 bxc6 0-1

[Event "FIDE WYCC Girls U14 2023"]
[Site "Montesilvano"]
[Date "2023.11.13"]
[Round "1.23"]
[White "Dukic, Teona"]
[Black "Zhang, Michelle"]
[Result "0-1"]
[ECO "D43"]
[WhiteElo "1343"]
[BlackElo "1833"]
[Annotator "NA"]
[PlyCount "118"]
[EventDate "2023.11.13"]
[EventType "swiss"]
[EventCountry "ITA"]
[SourceTitle "playchess.com"]
[Source "ChessBase"]
[SourceQuality "1"]
[TimeControl "40/5400+30:1800+30"]

1. d4 d5 2. c4 c6 3. Nc3 Nf6 4. Nf3 e6 5. Bg5 Be7 6. cxd5 exd5 7. e3 O-O 8. Bd3 Nbd7 9. O-O Re8 10. Qc2 Nf8 11. Ne5 h6 12. Bh4 Ng4 13. Bxe7 Qxe7 14. Nxg4 Bxg4 15. Rab1 a5 16. a3 Qg5 17. Kh1 Qh4 18. h3 Bh5 19. Kh2 Ne6 20. g3 Qf6 21. Be2 Bxe2 22. Nxe2 Qf3 23. Nf4 Ng5 24. b4 Qe4 25. Qxe4 Nxe4 26. Rb2 Nd6 27. Rc1 Nc4 28. Rb3 axb4 29. axb4 Ra2 30. Kg1 b5 31. Rbb1 Rea8 32. Rd1 Kf8 33. Nd3 Ke7 34. Ne5 R8a6 35. Nd3 Kd6 36. Nc5 R6a3 37. Rd3 Ra1 38. Rdd1 Rxb1 39. Rxb1 Nd2 40. Rb2 Ne4 41. Kf1 Nxc5 42. bxc5+ Kc7 43. Ke2 Kb7 44. Kd2 Ka6 45. Kc2 Ka5 46. Kd2 b4 47. Kc2 Ka4 48. Kd2 f5 49. g4 g6 50. gxf5 gxf5 51. h4 Ra1 52. Kc2 h5 53. f3 Rf1 54. Ra2+ Kb5 55. Ra8 Kc4 56. Rb8 b3+ 57. Kb2 Rf2+ 58. Kb1 Kc3 59. Kc1 Rf1# 0-1

[Event "FIDE WYCC Girls U14 2023"]
[Site "Montesilvano"]
[Date "2023.11.13"]
[Round "1.24"]
[White "Sneha Halder"]
[Black "Abou Taam, Fatima"]
[Result "1-0"]
[ECO "A00"]
[WhiteElo "1807"]
[BlackElo "1342"]
[Annotator "NA"]
[PlyCount "61"]
[EventDate "2023.11.13"]
[EventType "swiss"]
[EventCountry "ITA"]
[SourceTitle "playchess.com"]
[Source "ChessBase"]
[SourceQuality "1"]
[TimeControl "40/5400+30:1800+30"]

1. Nc3 d5 2. d4 Nf6 3. Bf4 c6 4. e3 Bf5 5. Bd3 Bg6 6. Nge2 e6 7. Qd2 Bb4 8. a3 Ba5 9. h4 Ne4 10. Bxe4 dxe4 11. b4 Bc7 12. h5 Bf5 13. Bxc7 Qxc7 14. Ng3 Nd7 15. Ncxe4 Bxe4 16. Nxe4 Nb6 17. Qd3 O-O-O 18. c4 e5 19. c5 Nd5 20. Nd6+ Rxd6 21. cxd6 Qxd6 22. Qf5+ Kd8 23. dxe5 Qe7 24. Rd1 Kc7 25. e4 g6 26. exd5 cxd5 27. Qf4 Qe6 28. hxg6 fxg6 29. O-O g5 30. Qd4 Rf8 31. Qc5+ 1-0

[Event "FIDE WYCC Girls U14 2023"]
[Site "Montesilvano"]
[Date "2023.11.13"]
[Round "1.25"]
[White "Canossa, Elena"]
[Black "Skramstad, Oda Kofoed"]
[Result "0-1"]
[ECO "C45"]
[WhiteElo "1326"]
[BlackElo "1801"]
[Annotator "NA"]
[PlyCount "92"]
[EventDate "2023.11.13"]
[EventType "swiss"]
[EventCountry "ITA"]
[SourceTitle "playchess.com"]
[Source "ChessBase"]
[SourceQuality "1"]
[TimeControl "40/5400+30:1800+30"]

1. e4 e5 2. Nf3 Nc6 3. d4 exd4 4. Nxd4 Bc5 5. Be3 Qf6 6. c3 Nge7 7. Be2 O-O 8. O-O d5 9. Nxc6 Qxc6 10. Bxc5 Qxc5 11. exd5 Nxd5 12. b4 Qd6 13. Bf3 Rd8 14. Re1 Be6 15. a4 c6 16. Ra3 Qf4 17. Re4 Qg5 18. h4 Qf6 19. Nd2 Nxc3 20. Rxc3 Qxc3 21. Re2 Bc4 22. Re3 Qxd2 23. Qxd2 Rxd2 24. Rc3 Bd5 25. Bg4 Rd4 26. Be2 Re8 27. Rc2 Rxb4 28. a5 Rxh4 29. f3 Ra4 30. a6 b5 31. g4 Ra2 32. Rxa2 Bxa2 33. Bf1 b4 34. g5 b3 35. Bd3 b2 36. Kg2 b1=Q 37. Bxb1 Bxb1 38. Kg3 c5 39. f4 Bf5 40. Kf3 c4 41. Kg3 c3 42. Kf3 c2 43. Kg3 c1=Q 44. Kf3 Re3+ 45. Kf2 Qd2+ 46. Kf1 Re1# 0-1

[Event "FIDE WYCC Girls U14 2023"]
[Site "Montesilvano"]
[Date "2023.11.13"]
[Round "1.26"]
[White "Li Chen, Helena Joana"]
[Black "Nordahl, Christine"]
[Result "1-0"]
[ECO "B38"]
[WhiteElo "1799"]
[BlackElo "1316"]
[Annotator "NA"]
[PlyCount "91"]
[EventDate "2023.11.13"]
[EventType "swiss"]
[EventCountry "ITA"]
[SourceTitle "playchess.com"]
[Source "ChessBase"]
[SourceQuality "1"]
[TimeControl "40/5400+30:1800+30"]

1. e4 c5 2. Nf3 Nc6 3. d4 cxd4 4. Nxd4 g6 5. c4 Bg7 6. Be3 Nf6 7. Nc3 O-O 8. Be2 d6 9. O-O Nd7 10. h3 a5 11. Qd2 Re8 12. Rad1 Nf8 13. Nd5 Ne6 14. Nxe6 Bxe6 15. Bb6 Qc8 16. Nc7 Nd4 17. Rfe1 Nxe2+ 18. Qxe2 Be5 19. Nxa8 Qxa8 20. Bd4 Rc8 21. b3 Bxd4 22. Rxd4 Qa7 23. Rd2 Qc5 24. Qe3 Qe5 25. f4 Qh5 26. e5 dxe5 27. Qxe5 Qh4 28. Red1 Qf6 29. Qxf6 exf6 30. Rd8+ Rxd8 31. Rxd8+ Kg7 32. Rb8 a4 33. Rxb7 axb3 34. axb3 g5 35. Kf2 gxf4 36. Kf3 Kg6 37. Kxf4 h5 38. Rc7 h4 39. b4 Bf5 40. b5 Bd3 41. b6 Bf1 42. b7 Bxg2 43. b8=Q Bxh3 44. Qg8+ Kh6 45. Rxf7 Bf1 46. Rh7# 1-0

[Event "FIDE WYCC Girls U14 2023"]
[Site "Montesilvano"]
[Date "2023.11.13"]
[Round "1.27"]
[White "Antenreiter, Lena"]
[Black "Montano Vicente, Guadalupe"]
[Result "0-1"]
[ECO "B92"]
[WhiteElo "1309"]
[BlackElo "1794"]
[Annotator "NA"]
[PlyCount "90"]
[EventDate "2023.11.13"]
[EventType "swiss"]
[EventCountry "ITA"]
[SourceTitle "playchess.com"]
[Source "ChessBase"]
[SourceQuality "1"]
[TimeControl "40/5400+30:1800+30"]

1. e4 c5 2. Nf3 d6 3. d4 cxd4 4. Nxd4 Nf6 5. Nc3 a6 6. Be2 e5 7. Nb3 Be7 8. Be3 Be6 9. O-O O-O 10. f4 exf4 11. Bxf4 Nc6 12. Kh1 Ne5 13. Qe1 Qc7 14. Rd1 Rfd8 15. Nd4 Ng6 16. Bg3 Rac8 17. Nf5 Bxf5 18. exf5 Ne5 19. Bf4 Qb6 20. Na4 Qc7 21. Nc3 Kh8 22. Qf2 b5 23. a3 Nc4 24. Bxc4 bxc4 25. Rfe1 Qb7 26. Rb1 d5 27. Be5 Ng4 28. Qg3 Nxe5 29. Qxe5 Bf6 30. Qg3 Qc6 31. Ne2 d4 32. Nf4 Qd6 33. Nh5 Qxg3 34. Nxg3 Rc5 35. Re4 d3 36. Ree1 dxc2 37. Rbc1 Bxb2 38. Rxc2 Bxa3 39. h3 a5 40. Re7 Rf8 41. Ra7 Bb4 42. Kh2 c3 43. Ne4 Rxf5 44. Rc7 h6 45. Nxc3 Bd6+ 0-1

[Event "FIDE WYCC Girls U14 2023"]
[Site "Montesilvano"]
[Date "2023.11.13"]
[Round "1.28"]
[White "Lorenz, Veronika"]
[Black "Cutiyog, Jirah Floravie"]
[Result "0-1"]
[ECO "B31"]
[WhiteElo "1791"]
[BlackElo "1305"]
[Annotator "NA"]
[PlyCount "146"]
[EventDate "2023.11.13"]
[EventType "swiss"]
[EventCountry "ITA"]
[SourceTitle "playchess.com"]
[Source "ChessBase"]
[SourceQuality "1"]
[TimeControl "40/5400+30:1800+30"]

1. e4 c5 2. Nf3 Nc6 3. Bb5 g6 4. Bxc6 bxc6 5. d3 Bg7 6. e5 d6 7. Qe2 Bg4 8. exd6 Bxf3 9. Qxf3 Qxd6 10. O-O Nf6 11. Nd2 Qd5 12. Qe2 e6 13. Nc4 O-O 14. Bf4 Rfd8 15. Rfe1 Qh5 16. Qxh5 Nxh5 17. Be5 Rd5 18. Bxg7 Kxg7 19. Re5 Nf6 20. Rae1 Nd7 21. R5e3 Rc8 22. Na5 Rd4 23. Re4 Nf6 24. Re5 Nd7 25. R5e4 Nf6 26. Rxd4 cxd4 27. b4 Nd5 28. a3 c5 29. bxc5 Rxc5 30. Nc4 Rb5 31. g3 Nb6 32. Nxb6 axb6 33. Re4 e5 34. a4 Rc5 35. Kf1 f6 36. Re2 Kf7 37. Ke1 Ra5 38. f4 exf4 39. gxf4 Rxa4 40. Kd2 Rb4 41. Re4 h6 42. Kc1 Ra4 43. Kb2 f5 44. Re5 Ra5 45. Re2 Rb5+ 46. Kc1 g5 47. Kd2 Kg6 48. Re6+ Kh5 49. Rd6 Rb4 50. Ke2 Kg4 51. Rxh6 Kxf4 52. Rd6 Ke5 53. Rg6 g4 54. Rg8 Rb2 55. Kd2 Kf4 56. Rf8 b5 57. Rd8 Rb4 58. Rf8 Ra4 59. Rb8 b4 60. Rd8 b3 61. cxb3 Ra2+ 62. Ke1 Ke3 63. Kf1 Rxh2 64. Rg8 Kxd3 65. b4 Rb2 66. Rg5 Ke4 67. Rg8 Kf3 68. Ke1 g3 69. Kd1 f4 70. b5 Rxb5 71. Ke1 Rb2 72. Kd1 g2 73. Kc1 Rf2 0-1

[Event "FIDE WYCC Girls U14 2023"]
[Site "Montesilvano"]
[Date "2023.11.13"]
[Round "1.29"]
[White "Hong, Jueun"]
[Black "Avetisyan, Ani"]
[Result "1/2-1/2"]
[ECO "B13"]
[WhiteElo "1299"]
[BlackElo "1770"]
[Annotator "NA"]
[PlyCount "139"]
[EventDate "2023.11.13"]
[EventType "swiss"]
[EventCountry "ITA"]
[SourceTitle "playchess.com"]
[Source "ChessBase"]
[SourceQuality "1"]
[TimeControl "40/5400+30:1800+30"]

1. e4 c6 2. d4 d5 3. exd5 cxd5 4. Bd3 Nf6 5. h3 Nc6 6. c3 g6 7. Nf3 Bg7 8. O-O O-O 9. Bf4 Bf5 10. Qe2 Bxd3 11. Qxd3 Rc8 12. Nbd2 Qb6 13. Rab1 Rfd8 14. Rfe1 a6 15. Ne5 Nxe5 16. Bxe5 Qc6 17. Bf4 Bf8 18. Nf3 Ne4 19. Ne5 Qf6 20. f3 Nd6 21. Qd2 Nc4 22. Nxc4 Rxc4 23. Bg5 Qf5 24. Qe3 f6 25. Bf4 e5 26. Bh2 Rdc8 27. Kh1 exd4 28. cxd4 Kh8 29. Bg1 Rc2 30. Rec1 Bd6 31. g4 Qf4 32. Qxf4 Bxf4 33. Rf1 Re2 34. Rfe1 Rcc2 35. Rxe2 Rxe2 36. a3 b5 37. b4 Kg7 38. Rb3 Re1 39. Kg2 Re2+ 40. Kf1 Rc2 41. Ke1 Rc1+ 42. Kf2 g5 43. Kg2 Kf7 44. Kf2 Ke6 45. Kg2 Rc2+ 46. Bf2 Kd6 47. Kg1 Bd2 48. Rd3 Bc3 49. Be3 Bb2 50. Bd2 Rc4 51. Be3 Rc2 52. Bd2 Ba1 53. Kf1 Rc4 54. Be3 Rc2 55. Kg1 Re2 56. Kh1 Rc2 57. Kg1 Re2 58. Kh1 Ra2 59. Bc1 Bxd4 60. Rxd4 Ke5 61. Rd3 d4 62. Kg1 Ra1 63. Rd1 Kd5 64. Kf1 Kc4 65. Ke2 d3+ 66. Ke3 Rb1 67. Kd2 Ra1 68. Ke3 Rb1 69. Kd2 Ra1 70. Ke3 1/2-1/2

[Event "FIDE WYCC Girls U14 2023"]
[Site "Montesilvano"]
[Date "2023.11.13"]
[Round "1.30"]
[White "Stankovic, Andrea"]
[Black "Glanc, Lea"]
[Result "1-0"]
[ECO "A49"]
[WhiteElo "1768"]
[BlackElo "1294"]
[Annotator "NA"]
[PlyCount "81"]
[EventDate "2023.11.13"]
[EventType "swiss"]
[EventCountry "ITA"]
[SourceTitle "playchess.com"]
[Source "ChessBase"]
[SourceQuality "1"]
[TimeControl "40/5400+30:1800+30"]

1. d4 Nf6 2. Nf3 g6 3. g3 Bg7 4. c4 d6 5. Bg2 O-O 6. O-O c5 7. d5 Na6 8. Nc3 Nc7 9. e4 a6 10. a4 Rb8 11. a5 b5 12. axb6 Rxb6 13. Qc2 Bg4 14. Be3 Qc8 15. Ne1 Bh3 16. Nd3 Bxg2 17. Kxg2 Ng4 18. Bf4 e5 19. dxe6 Qxe6 20. f3 Ne5 21. Na4 Rbb8 22. Bxe5 Bxe5 23. f4 Bd4 24. Rae1 a5 25. f5 Qd7 26. Nc3 Rfe8 27. Qd2 Qe7 28. h4 Be5 29. h5 Bf6 30. Nd5 Nxd5 31. exd5 Qb7 32. fxg6 Rxe1 33. Qxe1 Qe7 34. Qxe7 Bxe7 35. Rxf7 Re8 36. Rxh7 Bf6 37. Rf7 Bd4 38. h6 Re2+ 39. Kh3 Bxb2 40. Rb7 Be5 41. Rb8# 1-0

[Event "FIDE WYCC Girls U14 2023"]
[Site "Montesilvano"]
[Date "2023.11.13"]
[Round "1.31"]
[White "Marin Garrido, Carolina"]
[Black "Romany, Joy"]
[Result "0-1"]
[ECO "B40"]
[WhiteElo "1282"]
[BlackElo "1764"]
[Annotator "NA"]
[PlyCount "62"]
[EventDate "2023.11.13"]
[EventType "swiss"]
[EventCountry "ITA"]
[SourceTitle "playchess.com"]
[Source "ChessBase"]
[SourceQuality "1"]
[TimeControl "40/5400+30:1800+30"]

1. e4 c5 2. Nf3 e6 3. d3 Nc6 4. Nbd2 d6 5. g3 Nf6 6. Bg2 Be7 7. O-O O-O 8. Re1 Qc7 9. c3 Bd7 10. Nf1 Rac8 11. Bf4 e5 12. Bg5 h6 13. Be3 d5 14. Qc2 Be6 15. Bd2 d4 16. c4 Ne8 17. h3 Nd6 18. N3h2 Qd7 19. g4 Nb4 20. Bxb4 cxb4 21. f4 exf4 22. Nf3 Ne8 23. Qd2 g5 24. N1h2 Qc7 25. Kh1 Rd8 26. e5 Qb6 27. Re4 Nc7 28. Qf2 Na6 29. Rf1 Nc5 30. Rxd4 Nxd3 31. Qg1 Bc5 0-1

[Event "FIDE WYCC Girls U14 2023"]
[Site "Montesilvano"]
[Date "2023.11.13"]
[Round "1.32"]
[White "Gaszka, Zuzanna"]
[Black "Bertuzzi, Karol"]
[Result "1-0"]
[ECO "B27"]
[WhiteElo "1758"]
[BlackElo "1279"]
[Annotator "NA"]
[PlyCount "53"]
[EventDate "2023.11.13"]
[EventType "swiss"]
[EventCountry "ITA"]
[SourceTitle "playchess.com"]
[Source "ChessBase"]
[SourceQuality "1"]
[TimeControl "40/5400+30:1800+30"]

1. e4 c5 2. Nf3 g6 3. d4 cxd4 4. Qxd4 Nf6 5. e5 Nc6 6. Qa4 Nh5 7. Bd2 Qc7 8. Bc3 Ng7 9. Nbd2 Ne6 10. Qe4 Bg7 11. Bc4 b6 12. Bxe6 dxe6 13. O-O Bb7 14. Rfe1 Rd8 15. Qh4 h6 16. Qg3 a5 17. a4 Nb4 18. Bxb4 axb4 19. Qg4 Bxe5 20. Nxe5 Rxd2 21. Qf4 Rxc2 22. Qxf7+ Kd8 23. Qxe6 Ke8 24. Rad1 Qxe5 25. Rxe5 Rc7 26. Qxg6+ Kf8 27. Rd8# 1-0

[Event "FIDE WYCC Girls U14 2023"]
[Site "Montesilvano"]
[Date "2023.11.13"]
[Round "1.33"]
[White "Boaron, Elena"]
[Black "Natoli, Alessia"]
[Result "0-1"]
[ECO "B12"]
[WhiteElo "1273"]
[BlackElo "1756"]
[Annotator "NA"]
[PlyCount "76"]
[EventDate "2023.11.13"]
[EventType "swiss"]
[EventCountry "ITA"]
[SourceTitle "playchess.com"]
[Source "ChessBase"]
[SourceQuality "1"]
[TimeControl "40/5400+30:1800+30"]

1. e4 c6 2. d4 d5 3. e5 Bf5 4. c3 e6 5. Be3 Qb6 6. Qb3 Nd7 7. Nd2 Be7 8. Ne2 h5 9. Ng3 Bg6 10. h4 Nh6 11. Be2 Nf5 12. Nxf5 Bxf5 13. f3 a5 14. a4 Qxb3 15. Nxb3 f6 16. f4 Kf7 17. Bf3 b5 18. axb5 a4 19. bxc6 axb3 20. Rxa8 Rxa8 21. cxd7 Ra1+ 22. Bd1 Bg4 23. Kd2 Rb1 24. Re1 Bxd1 25. Rxd1 Rxb2+ 26. Kc1 Rxg2 27. Rd2 Ba3+ 28. Kb1 Rxd2 29. Bxd2 Ke7 30. Bc1 Bxc1 31. Kxc1 Kxd7 32. Kb2 g5 33. fxg5 fxg5 34. hxg5 h4 35. g6 Ke7 36. Kxb3 h3 37. c4 dxc4+ 38. Kxc4 h2 0-1

[Event "FIDE WYCC Girls U14 2023"]
[Site "Montesilvano"]
[Date "2023.11.13"]
[Round "1.35"]
[White "Kostadinova, Fabiyana"]
[Black "Zadrapova, Amalie"]
[Result "0-1"]
[ECO "D70"]
[WhiteElo "1259"]
[BlackElo "1753"]
[Annotator "NA"]
[PlyCount "64"]
[EventDate "2023.11.13"]
[EventType "swiss"]
[EventCountry "ITA"]
[SourceTitle "playchess.com"]
[Source "ChessBase"]
[SourceQuality "1"]
[TimeControl "40/5400+30:1800+30"]

1. d4 Nf6 2. c4 g6 3. Nf3 Bg7 4. e3 O-O 5. Bd3 d6 6. Nbd2 Nbd7 7. O-O e5 8. dxe5 dxe5 9. Ne4 Nxe4 10. Bxe4 Qe7 11. Bc2 f5 12. e4 f4 13. Qe2 g5 14. Nd2 Nf6 15. f3 h5 16. h3 Bh6 17. Qf2 g4 18. fxg4 hxg4 19. Kh1 Nh5 20. Rg1 Ng3+ 21. Kh2 Qh4 22. Bd1 Rd8 23. Re1 Be6 24. b3 Rxd2 25. Bxd2 gxh3 26. Bf3 hxg2+ 27. Kxg2 Bh3+ 28. Kg1 Kf7 29. Qc5 Rg8 30. Qd5+ Be6 31. Qxe5 Nxe4+ 32. Bg2 Qf2+ 0-1

[Event "FIDE WYCC Girls U14 2023"]
[Site "Montesilvano"]
[Date "2023.11.14"]
[Round "2.1"]
[White "Mou, Iris"]
[Black "Andries, Alexia"]
[Result "1-0"]
[ECO "B31"]
[WhiteElo "2086"]
[BlackElo "1750"]
[Annotator "NA"]
[PlyCount "49"]
[EventDate "2023.11.13"]
[EventType "swiss"]
[EventCountry "ITA"]
[SourceTitle "playchess.com"]
[Source "ChessBase"]
[SourceQuality "1"]
[TimeControl "40/5400+30:1800+30"]

1. e4 c5 2. Nf3 Nc6 3. Bb5 g6 4. Bxc6 bxc6 5. O-O Bg7 6. e5 Nh6 7. d3 O-O 8. Re1 d5 9. exd6 exd6 10. Bg5 f6 11. Bd2 d5 12. Nc3 Nf7 13. Na4 Qd6 14. h3 Bd7 15. c3 g5 16. Be3 d4 17. cxd4 cxd4 18. Bxd4 Rfe8 19. Bc5 Rxe1+ 20. Qxe1 Qxd3 21. Rd1 Qf5 22. Qe7 Rd8 23. g4 Qxf3 24. Rxd7 Rf8 25. Qe6 1-0

[Event "FIDE WYCC Girls U14 2023"]
[Site "Montesilvano"]
[Date "2023.11.14"]
[Round "2.2"]
[White "Mgeladze, Kesaria"]
[Black "Caku, Kler"]
[Result "1-0"]
[ECO "C45"]
[WhiteElo "2065"]
[BlackElo "1740"]
[Annotator "NA"]
[PlyCount "49"]
[EventDate "2023.11.13"]
[EventType "swiss"]
[EventCountry "ITA"]
[SourceTitle "playchess.com"]
[Source "ChessBase"]
[SourceQuality "1"]
[TimeControl "40/5400+30:1800+30"]

1. e4 e5 2. Nf3 Nc6 3. d4 exd4 4. Nxd4 Nf6 5. Nxc6 bxc6 6. e5 Qe7 7. Qe2 Nd5 8. g3 g6 9. c4 Ba6 10. b3 Bg7 11. Bb2 d6 12. Bg2 O-O-O 13. O-O Bxe5 14. Qd2 Bxb2 15. Qxb2 Nb6 16. Qa3 Bb7 17. Qxa7 Qe5 18. Nd2 Nd7 19. b4 d5 20. Rac1 dxc4 21. Nxc4 Qb5 22. a4 Qa6 23. Qxa6 Bxa6 24. b5 cxb5 25. axb5 1-0

[Event "FIDE WYCC Girls U14 2023"]
[Site "Montesilvano"]
[Date "2023.11.14"]
[Round "2.3"]
[White "Zadrapova, Amalie"]
[Black "Lyutsinger, Iren"]
[Result "0-1"]
[ECO "B94"]
[WhiteElo "1753"]
[BlackElo "2020"]
[Annotator "NA"]
[PlyCount "76"]
[EventDate "2023.11.13"]
[EventType "swiss"]
[EventCountry "ITA"]
[SourceTitle "playchess.com"]
[Source "ChessBase"]
[SourceQuality "1"]
[TimeControl "40/5400+30:1800+30"]

1. e4 c5 2. Nf3 d6 3. d4 cxd4 4. Nxd4 Nf6 5. Nc3 a6 6. Bg5 Nbd7 7. f4 Qa5 8. Nb3 Qc7 9. Qd2 e6 10. Be2 b5 11. a3 Bb7 12. Bf3 Be7 13. O-O h6 14. Bh4 O-O 15. Qe1 Nb6 16. Na5 e5 17. Rd1 Nc4 18. Nxc4 Qxc4 19. f5 Rac8 20. Kh1 Qc5 21. Rf2 g5 22. fxg6 fxg6 23. Bxf6 Bxf6 24. Bg4 Rce8 25. Rfd2 Rd8 26. Be6+ Kg7 27. h4 Be7 28. g3 Rf6 29. Bh3 Rdf8 30. h5 Bc8 31. Bxc8 Qxc8 32. Kg2 Rf3 33. Nd5 Bh4 34. gxh4 Qg4+ 35. Kh1 Rh3+ 36. Rh2 Rff3 37. Rdd2 Rfg3 38. Rde2 Qf3+ 0-1

[Event "FIDE WYCC Girls U14 2023"]
[Site "Montesilvano"]
[Date "2023.11.14"]
[Round "2.4"]
[White "Smietanska, Wiktoria"]
[Black "Trunz, Tamila"]
[Result "0-1"]
[ECO "B40"]
[WhiteElo "2009"]
[BlackElo "1732"]
[Annotator "NA"]
[PlyCount "84"]
[EventDate "2023.11.13"]
[EventType "swiss"]
[EventCountry "ITA"]
[SourceTitle "playchess.com"]
[Source "ChessBase"]
[SourceQuality "1"]
[TimeControl "40/5400+30:1800+30"]

1. e4 c5 2. Nf3 e6 3. d4 cxd4 4. Nxd4 Nf6 5. Nc3 Nc6 6. Nxc6 bxc6 7. e5 Nd5 8. Ne4 Qc7 9. f4 Rb8 10. c4 Bb4+ 11. Ke2 O-O 12. cxd5 cxd5 13. Nf2 f6 14. exf6 Rxf6 15. Nd3 Ba6 16. Kf3 Bd6 17. g3 e5 18. Kf2 Kh8 19. b3 Qb6+ 20. Kg2 Bb7 21. Rg1 d4+ 22. Kf2 Re8 23. Bg2 e4 24. Nb2 e3+ 25. Ke2 Ba6+ 26. Nd3 Bb4 27. Bd5 Bc3 28. Rb1 Rd6 29. Bf3 Rh6 30. h4 Qg6 31. a3 Bd2 32. Qc2 Rc8 33. h5 Rxh5 34. Qxc8+ Bxc8 35. Bxd2 Rh2+ 36. Rg2 Rxg2+ 37. Bxg2 Ba6 38. f5 Qxf5 39. Rf1 Qxd3+ 40. Kf3 exd2+ 41. Kg4 Qg6+ 42. Kh4 Bxf1 0-1

[Event "FIDE WYCC Girls U14 2023"]
[Site "Montesilvano"]
[Date "2023.11.14"]
[Round "2.5"]
[White "Arzur, Maia"]
[Black "Huang, Jolie"]
[Result "1-0"]
[ECO "B38"]
[WhiteElo "1997"]
[BlackElo "1680"]
[Annotator "NA"]
[PlyCount "93"]
[EventDate "2023.11.13"]
[EventType "swiss"]
[EventCountry "ITA"]
[SourceTitle "playchess.com"]
[Source "ChessBase"]
[SourceQuality "1"]
[TimeControl "40/5400+30:1800+30"]

1. e4 c5 2. Nf3 Nc6 3. d4 cxd4 4. Nxd4 g6 5. c4 Bg7 6. Be3 Qb6 7. Nb5 Qa5+ 8. N1c3 Nf6 9. f3 O-O 10. Be2 d6 11. O-O a6 12. Nd4 Nh5 13. Nd5 Qd8 14. Qd2 e6 15. Nc3 Nf4 16. Rfd1 Nxd4 17. Bxd4 Qg5 18. Bf1 Bh6 19. Kh1 Nh5 20. Qxg5 Bxg5 21. Bb6 Bd7 22. Rxd6 Bc6 23. Rad1 Bf6 24. R6d2 Rfc8 25. Ne2 Ng7 26. Nd4 Be8 27. b3 h5 28. Nc2 Kh7 29. a4 Bc6 30. g3 Bg5 31. Rd3 Bf6 32. a5 Be7 33. Bg2 e5 34. Ne3 Ne6 35. Nd5 Bf8 36. Bh3 Kg7 37. Bxe6 fxe6 38. Nc7 Rxc7 39. Bxc7 Kf6 40. Bd8+ Kf7 41. Kg2 Bg7 42. Kh3 Bh6 43. g4 hxg4+ 44. Kxg4 Rc8 45. h4 Be8 46. Bb6 Bf8 47. Rd7+ 1-0

[Event "FIDE WYCC Girls U14 2023"]
[Site "Montesilvano"]
[Date "2023.11.14"]
[Round "2.6"]
[White "Dicen, Elis Denele"]
[Black "Saparya Ghosh"]
[Result "1/2-1/2"]
[ECO "E40"]
[WhiteElo "1976"]
[BlackElo "1659"]
[Annotator "NA"]
[PlyCount "87"]
[EventDate "2023.11.13"]
[EventType "swiss"]
[EventCountry "ITA"]
[SourceTitle "playchess.com"]
[Source "ChessBase"]
[SourceQuality "1"]
[TimeControl "40/5400+30:1800+30"]

1. d4 Nf6 2. c4 e6 3. Nc3 Bb4 4. e3 d5 5. Nf3 O-O 6. Bd2 Nbd7 7. Bd3 c6 8. O-O dxc4 9. Bxc4 b5 10. Bd3 Bb7 11. a3 Be7 12. Rc1 a6 13. Ne4 c5 14. Nxf6+ Bxf6 15. Bc3 cxd4 16. Nxd4 Ne5 17. Bc2 Qd5 18. e4 Qd7 19. Qe2 Nc6 20. Nxc6 Bxc3 21. bxc3 Qxc6 22. Bd3 Qd6 23. Ra1 Rac8 24. c4 bxc4 25. Bxc4 Qc6 26. Bd3 e5 27. Rfe1 Rfd8 28. Rad1 Qa4 29. Rb1 Qxa3 30. Rxb7 Qxd3 31. Qh5 Qc4 32. Qxe5 Re8 33. Re7 Rxe7 34. Qxe7 Qc5 35. Qxc5 Rxc5 36. f3 Kf8 37. Kf2 Rc2+ 38. Kg3 Ra2 39. Rb1 Ke7 40. Rb7+ Ke6 41. h3 g5 42. f4 gxf4+ 43. Kxf4 Rxg2 44. Rb6+ 1/2-1/2

[Event "FIDE WYCC Girls U14 2023"]
[Site "Montesilvano"]
[Date "2023.11.14"]
[Round "2.7"]
[White "Stefan, Iulia-Cristiana"]
[Black "Kaliakhmet, Elnaz"]
[Result "1/2-1/2"]
[ECO "A43"]
[WhiteElo "1748"]
[BlackElo "1933"]
[Annotator "NA"]
[PlyCount "63"]
[EventDate "2023.11.13"]
[EventType "swiss"]
[EventCountry "ITA"]
[SourceTitle "playchess.com"]
[Source "ChessBase"]
[SourceQuality "1"]
[TimeControl "40/5400+30:1800+30"]

1. d4 Nf6 2. Nf3 c5 3. d5 b5 4. c3 Bb7 5. e4 a6 6. Bd3 g6 7. O-O Bg7 8. a4 O-O 9. Nbd2 e6 10. axb5 exd5 11. exd5 axb5 12. Rxa8 Bxa8 13. Bxb5 Nxd5 14. Qa4 Nb6 15. Qa5 d5 16. Nb3 N8d7 17. Bg5 Qb8 18. Be7 Rc8 19. Bxd7 Nxd7 20. Nxc5 Nxc5 21. Bxc5 Qxb2 22. Bd4 Bb7 23. Qa1 Qxa1 24. Rxa1 Bc6 25. Ne5 Bb5 26. Ra5 Rb8 27. g3 f6 28. Ng4 f5 29. Nf6+ Bxf6 30. Bxf6 Bd3 31. Ra2 Be4 32. f4 1/2-1/2

[Event "FIDE WYCC Girls U14 2023"]
[Site "Montesilvano"]
[Date "2023.11.14"]
[Round "2.8"]
[White "Kirtadze, Anastasia"]
[Black "Viti, Greta"]
[Result "1-0"]
[ECO "C78"]
[WhiteElo "1921"]
[BlackElo "1644"]
[Annotator "NA"]
[PlyCount "77"]
[EventDate "2023.11.13"]
[EventType "swiss"]
[EventCountry "ITA"]
[SourceTitle "playchess.com"]
[Source "ChessBase"]
[SourceQuality "1"]
[TimeControl "40/5400+30:1800+30"]

1. e4 e5 2. Nf3 Nc6 3. Bb5 a6 4. Ba4 Nf6 5. O-O b5 6. Bb3 Bc5 7. a4 Ba7 8. d3 d6 9. h3 O-O 10. Nc3 Be6 11. Bg5 bxa4 12. Rxa4 Nd4 13. Nxd4 Bxd4 14. Nd5 Bxd5 15. Bxd5 Ra7 16. c3 Bb6 17. Qf3 Kh8 18. Rfa1 Qe7 19. Rxa6 Rxa6 20. Rxa6 Rb8 21. b4 Kg8 22. Kh2 h6 23. Be3 Nxd5 24. exd5 Bxe3 25. Qxe3 Qf6 26. Ra7 Rc8 27. c4 Qh4 28. Rb7 Qf6 29. c5 Kh8 30. c6 Kg8 31. b5 Qh4 32. b6 cxb6 33. Qxb6 Qf4+ 34. g3 Qf3 35. c7 Kh7 36. Kg1 Qd1+ 37. Kg2 Qc1 38. Qxd6 Qc2 39. Qd7 1-0